 Dungeon Crawl Stone Soup version 0.17-a0-186-g8d083fd (webtiles) character file.

3465 squibie the Protected (level 9, -3/70 HPs)
             Began as a Demigod Wanderer on Mar 27, 2015.
             Slain by a troll (9 damage)
             ... on level 9 of the Dungeon.
             The game lasted 00:26:07 (7567 turns).

squibie the Protected (Demigod Wanderer)            Turns: 7567, Time: 00:26:07

Health: -3/70      AC: 19    Str: 18    XL:     9   Next: 49%
Magic:  15/15      EV:  4    Int: 18    God:
Gold:   506        SH:  0    Dex: 16    Spells: 0 memorised, 8 levels left

rFire  + . .     SeeInvis .     b - +2 falchion (freeze)
rCold  + . .     Rnd*Rage +     v - -1 gold dragon armour
rNeg   . . .     SustAb   +     (no shield)
rPois  +         Gourm    .     (helmet restricted)
rElec  .         Spirit   .     R - +2 cloak
rCorr  .         Warding  .     (no gloves)
rMut   .         Stasis   .     (no boots)
MR     .....                    (no amulet)
Stlth  ..........               U - ring of flight
                                V - ring of wizardry

@: not resistant to hostile enchantments, extremely unstealthy
A: horns 1, berserk 1, sustain abilities
a: Evoke Flight


You were on level 9 of the Dungeon.
You were not hungry.

You visited 1 branch of the dungeon, and saw 9 of its levels.

You collected 506 gold pieces.

Inventory:

Hand weapons
 b - a +2 falchion of freezing (weapon)
 W - a +2 great sword
 Z - a +3 falchion
Armour
 u - a +2 leather armour of fire resistance
 v - a -1 gold dragon armour (worn)
 M - a +0 robe of fire resistance
 R - a +2 cloak (worn)
Magical staves
 N - an uncursed staff of power {unknown}
Jewellery
 p - an uncursed ring of loudness
 U - a ring of flight (right hand)
 V - a ring of wizardry (left hand)
Magical devices
 r - a wand of slowing (14)
 z - a wand of flame (8)
 A - a wand of fireball (3)
 S - a wand of confusion (20)
 Y - a wand of slowing (14)
Scrolls
 a - a scroll of brand weapon {unknown}
 h - 3 scrolls of identify
 m - 2 scrolls of enchant armour {unknown}
 n - 2 scrolls of remove curse
 y - 4 scrolls of enchant weapon {unknown}
 B - a scroll of noise {unknown}
 H - 2 scrolls of amnesia {unknown}
 O - 2 scrolls of teleportation {unknown}
 T - 2 scrolls of immolation {unknown}
 X - a scroll of recharging {unknown}
Potions
 g - 6 potions of curing
 k - 2 potions of flight
 q - a potion of brilliance
 s - a potion of invisibility {unknown}
 x - a potion of resistance
 C - a potion of haste {unknown}
 F - a potion of magic {unknown}
 G - a potion of heal wounds
 I - 2 potions of mutation {unknown}
 K - 4 potions of poison {unknown}
 P - a potion of restore abilities {unknown}
Books
 d - a Young Poisoner's Handbook

   Spells                             Type                      Level
   a - Sting                          Conjuration/Poison           1
   b - Cure Poison                    Poison                       2
   c - Mephitic Cloud                 Conjuration/Poison/Air       3
   d - Olgreb's Toxic Radiance        Poison                       4
   e - Venom Bolt                     Conjuration/Poison           5
 E - a book of Maledictions

   Spells                             Type                      Level
   a - Corona                         Hexes                        1
   b - Ensorcelled Hibernation        Hexes/Ice                    2
   c - Confuse                        Hexes                        3
   d - Dazzling Spray                 Conjuration/Hexes            3
   e - Enslavement                    Hexes                        4
 J - a book of Air

   Spells                             Type                      Level
   a - Shock                          Conjuration/Air              1
   b - Swiftness                      Charms/Air                   2
   c - Repel Missiles                 Charms/Air                   2
   d - Flight                         Charms/Air                   3
   e - Static Discharge               Conjuration/Air              3
   f - Lightning Bolt                 Conjuration/Air              5
 L - a Grand Grimoire {highlevel, unknown}

   This book is beyond your current level of understanding.

   Spells                             Type                      Level
   a - Aura of Abjuration             Summoning                    6
   b - Summon Greater Demon           Summoning                    7
   c - Malign Gateway                 Summoning/Translocation      7
   d - Summon Horrible Things         Summoning                    8
 Q - a Grand Grimoire {highlevel, unknown}

   This book is beyond your current level of understanding.

   Spells                             Type                      Level
   a - Aura of Abjuration             Summoning                    6
   b - Summon Greater Demon           Summoning                    7
   c - Malign Gateway                 Summoning/Translocation      7
   d - Summon Horrible Things         Summoning                    8
Comestibles
 c - a poisonous chunk of flesh
 f - 9 bread rations
 j - 4 meat rations
 o - 8 fruits
 t - 2 slices of pizza
 D - a royal jelly


   Skills:
 - Level 3.3 Fighting
 + Level 7.7 Long Blades
   Level 1.7(2.5) Axes
   Level 2.6(3.0) Polearms
 - Level 1.0 Throwing
 + Level 9.1 Armour
 - Level 2.7 Dodging
 - Level 1.7 Stealth


You had 8 spell levels left.
You didn't know any spells.

Dungeon Overview and Level Annotations

Branches:
Dungeon (9/15)             Temple (0/1) D:5
   Lair: D:8-11         Orc: D:9-12


Innate Abilities, Weirdness & Mutations

Your attributes are resistant to harm.
You have a pair of small horns on your head.
You tend to lose your temper in combat.


Message History

The troll bites you! The troll claws you! The troll claws you!
* * * LOW HITPOINT WARNING * * *
You closely miss the troll.
The troll is moderately wounded.
The troll barely misses you. The troll claws you but does no damage.
The troll barely misses you.
You closely miss the troll.
The troll is moderately wounded.
The troll bites you but does no damage. The troll claws you but does no damage.
The troll barely misses you.
You barely miss the troll.
The troll is lightly wounded.
The troll closely misses you. The troll claws you but does no damage.
The troll claws you but does no damage.
You hit the troll! You freeze the troll.
The troll is heavily wounded.
The troll bites you!
* * * LOW HITPOINT WARNING * * *
The troll claws you!
You die...

#### #######
...########.....##
#.)††.>..........#######
#..######.#####..).......
#.># #.# #...@........
#..######.###.##T#...####
#..........##. #..._...#
#.#....?...... ........#
#..#####...## #.........
#.## ##.## #._..⌠.... #.#
#.# #........ #.# #..
.....$._ #.# #......


You could see a troll.

Vanquished Creatures
  Pikel (D:5)
  A hippogriff (D:7)
  A hungry ghost (D:8)
  An orc warrior (D:8)
  2 ice beasts
  A sky beast (D:5)
  2 phantoms
  2 ogres
  A big kobold (D:8)
  A centaur (D:6)
  6 killer bees (D:9)
  4 scorpions
  4 wights (D:8)
  2 giant frog zombies
  4 hounds
  4 crimson imps
  A giant frog skeleton (D:6)
  2 jellies
  3 orc priests
  3 orc wizards
  An iguana (D:6)
  A killer bee zombie (D:9)
  8 worker ants
  A hound zombie (D:5)
  2 hound skeletons
  Robin (D:2)
  8 adders
  9 gnolls
  4 giant mites
  A shadow imp (D:8)
  3 worms (D:2)
  2 adder skeletons (D:4)
  5 giant geckos
  4 oozes
  30 orcs
  2 ball pythons (D:1)
  A bat skeleton (D:8)
  12 giant cockroaches
  17 hobgoblins
  4 jackals
  14 kobolds
  13 bats
  A giant cockroach zombie (D:5)
  6 giant newts
  27 goblins
  2 jackal skeletons
  10 rats
  2 ballistomycetes (D:7)
237 creatures vanquished.

Vanquished Creatures (others)
  A slave (D:5)
  A hobgoblin (D:5)
  A kobold (D:5)
  A giant spore (D:7)
  A goblin (D:5)
5 creatures vanquished.

Grand Total: 242 creatures vanquished

Notes
Turn   | Place    | Note
--------------------------------------------------------------
     0 | D:1      | squibie, the Demigod Wanderer, began the quest for the Orb.
     0 | D:1      | squibie set off with: a +2 spear, a potion of lignification, a +0 hand axe, a +0 robe, a +0 dagger, a bread ration
     0 | D:1      | Reached XP level 1. HP: 16/16 MP: 2/2
   103 | D:1      | Reached skill level 1 in Dodging
   123 | D:1      | Reached XP level 2. HP: 20/23 MP: 3/3
   308 | D:1      | Reached XP level 3. HP: 22/29 MP: 5/5
   515 | D:2      | Noticed Robin
   560 | D:2      | Killed Robin
  1111 | D:2      | Reached XP level 4. HP: 11/37 MP: 7/7
  1371 | D:2      | Found a stormy altar of Qazlal.
  1430 | D:2      | Found a snail-covered altar of Cheibriados.
  1440 | D:2      | Reached skill level 3 in Fighting
  2098 | D:3      | Reached XP level 5. HP: 40/45 MP: 8/8
  2178 | D:3      | Found a shattered altar of Ashenzari.
  2178 | D:3      | Found an opulent altar of Gozag.
  2570 | D:4      | Reached XP level 6. HP: 24/51 MP: 10/10
  2703 | D:4      | Reached skill level 4 in Armour
  3107 | D:4      | Noticed an ice beast
  3130 | D:4      | Killed an ice beast
  3130 | D:4      | Reached skill level 1 in Long Blades
  3688 | D:4      | Reached XP level 7. HP: 57/57 MP: 12/12
  3801 | D:4      | Found a blossoming altar of Fedhas.
  3811 | D:4      | Reached skill level 5 in Armour
  4029 | D:5      | Entered Level 5 of the Dungeon
  4096 | D:5      | Found a staircase to the Ecumenical Temple.
  4365 | D:5      | Noticed Pikel
  4420 | D:5      | Killed Pikel
  4420 | D:5      | Reached skill level 6 in Armour
  4420 | D:5      | Reached XP level 8. HP: 46/63 MP: 13/13
  4877 | D:5      | Reached skill level 5 in Long Blades
  4988 | D:5      | Reached skill level 7 in Armour
  4989 | D:5      | Gained mutation: You tend to lose your temper in combat. [mutagenic meat]
  4990 | D:5      | Gained mutation: You have a pair of small horns on your head. [mutagenic meat]
  5280 | D:6      | Found a burning altar of Makhleb.
  6143 | D:7      | Reached skill level 8 in Armour
  6222 | D:7      | Got a jewelled hand axe
  6223 | D:7      | Identified the +1 hand axe of Xom's Reproof {chop, rN+ Str+4} (You took it off a hobgoblin on level 7 of the Dungeon)
  6257 | D:7      | Reached XP level 9. HP: 70/70 MP: 15/15
  6675 | D:8      | Got a slimy cloak
  6686 | D:8      | Identified the cursed -5 cloak of the Skies Above {Str+4} (You found it on level 8 of the Dungeon)
  7433 | D:9      | Reached skill level 9 in Armour
  7547 | D:9      | Found a sparkling altar of Nemelex Xobeh.
  7549 | D:9      | Found an ancient bone altar of Kikubaaqudgha.
  7551 | D:9      | Found a deep blue altar of Sif Muna.
  7567 | D:9      | Slain by a troll

Action                   |  1- 3 |  4- 6 |  7- 9 || total
-------------------------+-------+-------+-------++-------
Melee: Spear             |   175 |   227 |       ||   402
       Falchion          |       |   107 |   529 ||   636
  Use: Potion            |     1 |     4 |       ||     5
       Scroll            |       |     5 |     4 ||     9
 Stab: Sleeping          |     1 |       |       ||     1
  Eat: Chunk             |     1 |     8 |    18 ||    27
       Fruit             |       |       |     3 ||     3
